 BcadrenCrawl: Boulder Brew version 0.05.4-70-gb0a8e951fc (webtiles) character file.

Game seed: 16753335254396794327, levelgen mode: deterministic

74 petercordia the Unbeliever (level 4, -1/35 HPs) Hill Orc Demonspawn. Began on June 14, 2022. Slain by a sewer rat (2 damage) ... on level 1 of the Dungeon. The game lasted 00:03:31 (639 turns).

petercordia the Unbeliever (Hill Orc Demonspawn)     Turns: 639, Time: 00:03:32

Health: -1/35      AC:  3    Str: 17    XL:     4 ^: 59
Magic:  0/6        EV: 13    Int: 17    God:
Gold:   40         SH:  0    Dex: 10    Spells: 4/5 levels left

rFire    . . .     Slash    x   b - +0 hunting sling
rCold    . . .     Pierce   .   a - +0 war axe
rNeg     . . .     Bludgeon .   f - +0 leather armour
rCorr    . . .     Vision   .   (no helmet)
rPois    .         Gourm    .   (no cloak)
rElec    .         Faith    .   (no gloves)
MR       .....     Spirit   +   (boots unavailable)
HPRegen  0.21/turn Reflect  .   (no amulet)
MPRegen  0.16/turn Harm     .   (no ring)
Stlth    +.........             (no ring)

@: brilliant
A: magic shield, frog legs 1, soft flesh
a: Hop


You were on level 1 of the Dungeon.
You were not hungry.

You visited 1 branch of the dungeon, and saw 2 of its levels.

You collected 40 gold pieces.

Inventory:

Weapons
 a - a +0 war axe (weapon)
 b - a +0 hunting sling (weapon)
Armour
 f - a +0 leather armour (worn)
Scrolls
 g - a scroll of enchantment
 h - a scroll of vulnerability
Comestibles
 d - 4 rations


   Skills:
 + Level 1.5 Fighting
 + Level 3.6 Axes & Hammers
 + Level 0.3 Armour
 + Level 3.4 Dodging
 - Level 1.5 Stealth
 - Level 1.0 Spellcasting
 - Level 2.1 Fire Magic
   Level 3.6 Invocations


You had 4 spell levels left.
You knew the following spells:

 Your Spells              Type           Power        Failure   Level  Hunger
a - Flame Tongue          Fire           18 (30)      1%          1    23-43

Your spell library contained the following spells:

 Spells                   Type           Power        Failure   Level  Hunger
 Slow Hex 11 (100) 2% 1 23-43 Conjure Flame Fire 18 (100) 3% 3 103-163 Blink Tloc N/A 4% 2 63-103 Call Imp Summ 11 (100) 4% 2 63-103 Mephitic Cloud Pois/Air       11 (100)     8%          3    103-163


Dungeon Overview and Level Annotations

Branches:
Dungeon (2/8)

Altars:


Innate Abilities, Weirdness & Mutations

When hurt, damage is shared between your health and your magic reserves.
Your frog legs can swim and hop short distances.
Your soft flesh is weak to deep cuts.
Heavy manmade armour will nullify this weakness. (rSlashing-)


Message History

The sewer rat closely misses you.
Okay, then.
Unknown command.
Unknown command.
Unknown command.
You closely miss the sewer rat.
The sewer rat is healthy. (12/12) HP You closely miss the sewer rat.
The sewer rat bites you but does no damage.
The sewer rat barely misses you.
All of the chunks of flesh in your inventory have rotted away.
Unknown command.
Unknown command.
You barely miss the sewer rat.
The sewer rat is healthy. (12/12) HP You hit the sewer rat but do no damage.
The sewer rat bites you (5).
* * * LOW HITPOINT WARNING * * *
The sewer rat bites you but does no damage.
The sewer rat bites you (2).
You die...

.....................#
.....................#
..............##.....#
.....########..#.#####
.....# ######.#.#
.....# #....#...#
.....# #.##.##rr#
.....# #.##.##rr#
.....####.##...r@#
.....##...##########
#######.### #.....#
### #.# #.###.# ..#
#.######..##.# #.#
#.........##.#
#.############.....#
#.........#..)..####
#########.#.#####


You could see 5 sewer rats.

Vanquished Creatures
  3 giant cockroaches (D:1)
  A sewer rat (D:1)
  A cinder newt (D:1)
  A leopard gecko (D:1)
  5 bats (D:1)
  2 goblins (D:1)
  A hobgoblin (D:1)
  3 kobolds (D:1)
  2 rats (D:1)
19 creatures vanquished.

Notes
Turn   | Place    | Note
-------+----------+-------------------------------------------
     0 | D:1      | petercordia the Hill Orc Demonspawn began the quest for the
                  | Orb.
     0 | D:1      | Reached XP level 1. HP: 16/16 MP: 3/3
   195 | D:1      | Gained mutation: When hurt, damage is shared between your
                  | health and your magic reserves. [demonic ancestry]
   195 | D:1      | Reached XP level 2. HP: 23/23 MP: 4/4
   212 | D:1      | Reached XP level 3. HP: 28/28 MP: 5/5
   409 | D:1      | Gained mutation: Your frog legs can swim and hop short
                  | distances. [demonic ancestry]
   409 | D:1      | Reached XP level 4. HP: 35/35 MP: 6/6
   639 | D:1      | HP: 1/35 [sewer rat (4)]
   639 | D:1      | Slain by a sewer rat

Levels and vault maps discovered:
D:1:      dpeg_arrival_refuge, layout_basic, first_ration
D:2:      layout_sewer, bcadren_sewer_center_circle

Skill      XL: |  1 |
---------------+----+-----
Axes & Hammers | 3 |  3.6
Dodging        | 3 |  3.4
Fighting       | |  1.5
Armour         | |  0.3
Stealth        | |  1.5
Spellcasting   | |  1.0
Fire Magic     | |  2.1
Invocations    | |  3.6

Action                   |  1- 3 |  4- 6 || total
-------------------------+-------+-------++-------
Melee: War axe           |    11 |     4 ||    15
       Unarmed           |     3 |       ||     3
 Fire: Hunting sling     |    17 |       ||    17
 Cast: Flame Tongue      |       |     2 ||     2
  Use: Potion            |       |     1 ||     1
 Stab: Sleeping          |       |     3 ||     3
Armor: Leather armour    |       |     6 ||     6
Dodge: Dodged            |     2 |     7 ||     9
